 Dungeon Crawl Stone Soup version 0.30-a0-568-g124715a40b (webtiles) character file.

Game seed: 2672862896707905105

2167 Jackthecabe the Zephyrmancer (level 9, 0/55 HPs)
             Began as a Tengu Air Elementalist on Dec 29, 2022.
             Was a Believer of Sif Muna.
             Slain by a kobold
             ... wielding a +0 whip
              (3 damage)
             ... on level 7 of the Dungeon.
             The game lasted 00:14:24 (9089 turns).

Jackthecabe the Zephyrmancer (TeAE)                 Turns: 9089, Time: 00:14:24

Health: 0/55       AC:  2    Str:  9    XL:     9   Next: 32%
Magic:  3/14       EV: 14    Int: 19    God:    Sif Muna [**....]
Gold:   414        SH:  0    Dex: 15    Spells: 2/14 levels left

rFire   + . .      SeeInvis .    (no weapon)
rCold   . . .      Faith    +    (no shield)
rNeg    . . .      Spirit   .    a - +0 robe
rPois   .          Reflect  .    (helmet restricted)
rElec   .          Harm     .    (no cloak)
rCorr   .          Rampage  .    (no gloves)
Will    .....                    (boots unavailable)
Stlth   ++                       j - amulet of faith {!P}
HPRegen 0.29/turn                F - ring of protection from fire
MPRegen 0.14/turn                Z - ring of wizardry

@: flying quickly and evasively, slowed, very slow
A: beak, talons 3, nimble flight
a: Renounce Religion, Channel Magic


You were on level 7 of the Dungeon.
You worshipped Sif Muna.
Sif Muna was pleased with you.
You visited 1 branch of the dungeon, and saw 7 of its levels.

You collected 414 gold pieces.


Innate Abilities, Weirdness & Mutations

You have a beak for a mouth.
You have claws for feet.
Your magical nature lets you fly swiftly and evasively.


   Skills:
 - Level 6.0 Fighting
 - Level 2.1 Dodging
 - Level 2.0 Stealth
 - Level 3.0 Spellcasting
 + Level 7.1 Conjurations
 - Level 8.0 Air Magic
 - Level 6.0 Invocations


You had 2 spell levels left.
You knew the following spells:

 Your Spells              Type           Power      Damage    Failure   Level
a - Airstrike             Air            16%        2d(3-19)  2%          4
f - Freezing Cloud        Conj/Ice/Air   10%        6-21      21%         5
t - Static Discharge      Conj/Air       62%        2-5/arc   1%          2
z - Shock                 Conj/Air       100%       1d9       1%          1

Your spell library contained the following spells:

 Spells                   Type           Power      Damage    Failure   Level
 Summon Small Mammal      Summ           8%         N/A       6%          1
 Swiftness                Air            33%        N/A       1%          3
 Kindle Blastsparks       Fire/Tloc/Air  24%        2d12      6%          3
 Call Canine Familiar     Summ           2%         N/A       17%         3
 Ignite Poison            Fire/Tmut/Pois 2%         N/A       17%         3
 Summon Guardian Golem    Hex/Summ       2%         N/A       17%         3

Inventory:

Missiles
 k - a throwing net {=f}
Armour
 a - a +0 robe (worn)
 q - a +0 buckler
Jewellery
 j - an amulet of faith (around neck) {!P}
 F - a ring of protection from fire (left hand)
 N - a ring of positive energy
 Z - a ring of wizardry (right hand)
Wands
 l - a wand of flame (9)
Scrolls
 c - a scroll of fog
 g - a scroll of blinking
 h - 2 scrolls of teleportation {@r2}
 i - 3 scrolls of poison {unknown}
 m - a scroll of enchant weapon
 r - a scroll of magic mapping {unknown}
 t - a scroll of fear {unknown}
 w - a scroll of immolation {unknown}
 x - a scroll of summoning {unknown}
 y - a scroll of amnesia {unknown}
 z - a scroll of identify {@r1}
 A - a scroll of noise {unknown}
Potions
 b - a potion of magic
 d - a potion of flight {unknown}
 e - 6 potions of might {unknown}
 f - 2 potions of heal wounds {unknown}
 n - a potion of berserk rage {unknown}
 o - a potion of haste {unknown}
 p - a potion of curing {@q1}
 s - a potion of ambrosia {unknown}
 u - a potion of lignification {unknown}
 v - 2 potions of attraction {unknown}

Dungeon Overview and Level Annotations

Branches:
Dungeon (7/15)             Temple (0/1) D:6

Altars:
Makhleb
Okawaru
Ru
Sif Muna
Vehumet
Zin

#.......# #.......#
#...)...# #.......#
#.......# ## #.......#
### #..
####.......###..
#..###........())...#
##..#@..##.......#####
# #...KK#####.###...#
#...#...#####.####...
..........<........░.░
######.###.).#......⚑.
##.#####K#.....░.░.
...................#
##.####.....[...#
###.####.##......# #


You could see a kobold brigand and a kobold.


Message History

You feel very sick.
Casting: Airstrike (dangerous; 2% risk of failure)
Confirm with . or Enter, or press ? or * to list all spells.
Aiming: Shock (safe; 1% risk of failure)
Press: ? - help, Shift-Dir - straight line, f/p - kobold brigand
Aim: a kobold brigand, wielding a +0 club and quivering curare-tipped darts (heavily wounded, 67% to hit)
The zap hits the kobold brigand but does no damage.
The kobold brigand is heavily wounded.
The zap misses the kobold brigand.
You feel very sick. The kobold brigand closely misses you.
Your magical contamination has completely faded away.
Casting: Shock (safe; 1% risk of failure)
Confirm with . or Enter, or press ? or * to list all spells.
Aiming: Shock (safe; 1% risk of failure)
Press: ? - help, Shift-Dir - straight line, f/p - kobold brigand
Aim: a kobold brigand, wielding a +0 club and quivering curare-tipped darts (heavily wounded, 67% to hit)
The zap hits the kobold brigand.
The kobold brigand is severely wounded.
The zap hits the kobold brigand.
The kobold brigand is almost dead.
You feel very sick.
The kobold brigand hits you with a +0 club!
* * * LOW HITPOINT WARNING * * *
Unknown command.
You feel better. The kobold brigand closely misses you.
The kobold brigand hits you with a +0 club!
* * * LOW HITPOINT WARNING * * *
The kobold hits you with a +0 whip.
You die...

Skill      XL: |  1  2  3  4  5  6  7  8  9 |
---------------+----------------------------+-----
Conjurations   | 2 3 4 7 |  7.1
Air Magic      | 5 6 8 |  8.0
Spellcasting   | 3 |  3.0
Fighting       | 2 5 6 |  6.0
Invocations    | 5 6 |  6.0
Dodging        | |  2.1
Stealth        | |  2.0

Action                   |  1- 3 |  4- 6 |  7- 9 || total
-------------------------+-------+-------+-------++-------
Melee: Unarmed           |       |     9 |    19 ||    28
       Peck              |       |     2 |     5 ||     7
       Kick              |       |     1 |     7 ||     8
       Punch             |       |       |     1 ||     1
 Cast: Shock             |    67 |    87 |   138 ||   292
       Airstrike         |       |    12 |    60 ||    72
       Static Discharge  |       |       |     2 ||     2
       Freezing Cloud    |       |       |     2 ||     2
Evoke: Wand              |       |     1 |       ||     1
  Use: Scroll            |       |     5 |       ||     5
       Potion            |       |       |     1 ||     1
Armor: Robe              |     3 |     6 |     2 ||    11
Dodge: Dodged            |    16 |    21 |    51 ||    88

Levels and vault maps discovered:
D:1:      kennysheep_arrival_seaside, layout_loops_ring,
          ebering_ecumenical_altar_abandoned
D:2:      layout_loops_ring, minmay_splitting_lines,
          chequers_serial_rivers_micro_a
D:3:      layout_loops_corners, kennysheep_cluttered_room,
          hangedman_decor_growths, uniq_terence
D:4:      layout_rooms, uniq_blork_the_orc
D:5:      layout_basic, makhleb_blood_cavern_becter,
          mainiacjoe_overflow_concentric_impassable, zin_statuary
D:6:      layout_basic, amcnicky_altar_gilded, minmay_temple_entry_junction,
          st_stairs_12
D:7:      layout_rooms, lemuel_crystal_altar, mainiacjoe_overflow_alcove_2,
          mainiacjoe_overflow_cross_hatched, kennysheep_generic_room_15

Notes
Turn   | Place    | Note
-------+----------+-------------------------------------------
     0 | D:1      | Jackthecabe the Tengu Air Elementalist began the quest for
                  | the Orb.
     0 | D:1      | Reached XP level 1. HP: 10/10 MP: 4/4
   204 | D:1      | Reached XP level 2. HP: 15/15 MP: 0/6
   212 | D:1      | Reached skill level 2 in Conjurations
   558 | D:1      | Found a faded altar of an unknown god.
   667 | D:1      | Reached XP level 3. HP: 10/19 MP: 0/7
   838 | D:1      | Learned a level 2 spell: Static Discharge
  1617 | D:2      | Reached skill level 3 in Conjurations
  1617 | D:2      | Reached XP level 4. HP: 24/24 MP: 4/9
  1622 | D:2      | Learned a level 4 spell: Airstrike
  2159 | D:3      | Noticed Terence
  2194 | D:3      | Killed Terence
  2195 | D:3      | Reached skill level 5 in Air Magic
  2504 | D:3      | Reached skill level 3 in Spellcasting
  2627 | D:3      | HP: 2/24 [orc priest/divine providence (13)]
  2659 | D:3      | Reached skill level 4 in Conjurations
  2659 | D:3      | Gained mutation: Your magical nature lets you fly swiftly
                  | and evasively. [Tengu growth]
  2659 | D:3      | Reached XP level 5. HP: 9/28 MP: 0/10
  3525 | D:4      | Noticed a phantom
  3529 | D:4      | Killed a phantom
  3530 | D:4      | Reached skill level 6 in Air Magic
  3530 | D:4      | Reached XP level 6. HP: 32/32 MP: 2/11
  3603 | D:4      | Reached skill level 7 in Air Magic
  3919 | D:4      | Noticed Blork the orc
  3929 | D:4      | Killed Blork the orc
  3930 | D:4      | Reached skill level 8 in Air Magic
  3930 | D:4      | Reached skill level 1 in Fighting
  4154 | D:5      | Entered Level 5 of the Dungeon
  4263 | D:5      | Reached skill level 2 in Fighting
  4365 | D:5      | Found a shimmering blue altar of Sif Muna.
  4379 | D:5      | Reached XP level 7. HP: 40/40 MP: 0/12
  4559 | D:5      | Reached skill level 3 in Fighting
  4705 | D:5      | Found a glowing silver altar of Zin.
  4841 | D:5      | Reached skill level 4 in Fighting
  5056 | D:5      | Became a worshipper of Sif Muna the Loreminder
  5286 | D:5      | Reached skill level 5 in Fighting
  5416 | D:5      | Reached XP level 8. HP: 27/51 MP: 4/13
  5549 | D:5      | Found a burning altar of Makhleb.
  5608 | D:5      | Reached skill level 6 in Fighting
  5953 | D:6      | Reached skill level 1 in Invocations
  6102 | D:6      | Reached skill level 2 in Invocations
  6514 | D:6      | Reached skill level 3 in Invocations
  6979 | D:6      | Found an iron altar of Okawaru.
  7020 | D:6      | Reached skill level 4 in Invocations
  7132 | D:6      | Reached * piety under Sif Muna
  7401 | D:6      | Found a staircase to the Ecumenical Temple.
  7461 | D:6      | Reached skill level 5 in Invocations
  7575 | D:6      | Reached XP level 9. HP: 55/55 MP: 7/14
  7608 | D:6      | Reached skill level 6 in Invocations
  7614 | D:6      | Learned a level 5 spell: Freezing Cloud
  8257 | D:7      | Reached skill level 5 in Conjurations
  8609 | D:7      | Reached skill level 6 in Conjurations
  8913 | D:7      | Found a radiant altar of Vehumet.
  8929 | D:7      | Reached skill level 7 in Conjurations
  9012 | D:7      | Found a sacrificial altar of Ru.
  9043 | D:7      | Reached ** piety under Sif Muna
  9088 | D:7      | HP: 5/55 [kobold brigand/+0 club (8)]
  9089 | D:7      | Slain by a kobold

Vanquished Creatures
  A steam dragon (D:6)
  An ice beast (D:6)
  An orc warrior (D:6)
  3 ogres
  A phantom (D:4)
  Blork the orc (D:4)
  A bullfrog (D:7)
  3 necrophages
  3 scorpions (D:5)
  4 wights
  2 hounds
  A jelly (D:6)
  3 orc priests
  A gnoll bouda (D:7)
  Terence (D:3)
  5 iguanas
  9 orc wizards
  A hound skeleton (D:5)
  3 adders
  4 gnolls
  A shadow imp (D:5)
  2 ufetubi
  A worm (D:4)
  4 dart slugs
  36 orcs
  7 ball pythons
  5 bats
  8 endoplasms
  2 giant cockroaches (D:3)
  8 goblins
  4 hobgoblins
  3 jackals (D:3)
  3 quokkas
  4 frilled lizards (D:1)
  7 kobolds
  2 rats
146 creatures vanquished.

Table legend: (Time is in decaauts)
 A = Elapsed time spent in this place.
 B = Non-inter-level travel time spent in this place.
 C = Inter-level travel time spent in this place.
 D = Time resting spent in this place.
 E = Time spent auto-exploring this place.
 F = Levels seen in this place.
 G = Mean time per level.
                   A        B        C        D        E       F      G
               +--------+--------+--------+--------+--------+-----+--------+
         Total |   8808 |   8526 |    282 |   1141 |   5877 |   7 | 1258.3 |
       Dungeon |   8808 |   8526 |    282 |   1141 |   5877 |   7 | 1258.3 |
               +--------+--------+--------+--------+--------+-----+--------+

Top non-repeatable levels by time:
     D:5: 2334 daAuts
     D:6: 1795 daAuts
     D:3: 1207 daAuts
     D:1: 1091 daAuts
     D:2: 982 daAuts
     D:4: 822 daAuts
     D:7: 574 daAuts

Table legend:
 A = Non-vault XP
 B = Vault XP
 C = Vault XP percentage of total XP
 D = Non-vault monster count
 E = Vault monster count
 F = Vault count percentage of total count
                 A         B        C        D         E       F
            +---------+---------+-------+---------+---------+-------
      Total |    2850 |     246 |   7.9 |     141 |       5 |   3.4
            +---------+---------+-------+---------+---------+-------
        D:1 |      47 |       0 |   0.0 |      22 |       0 |   0.0
        D:2 |      46 |       0 |   0.0 |      16 |       0 |   0.0
        D:3 |      79 |      36 |  31.3 |      19 |       1 |   5.0
        D:4 |     270 |      99 |  26.8 |      14 |       1 |   6.7
        D:5 |     769 |     108 |  12.3 |      17 |       2 |  10.5
        D:6 |    1166 |       3 |   0.3 |      31 |       1 |   3.1
        D:7 |     473 |       0 |   0.0 |      22 |       0 |   0.0
            +---------+---------+-------+---------+---------+-------
